 Dungeon Crawl Stone Soup version 0.19-a0-1866-ge6f2195 (webtiles) character file.

91 rgaf the Sneak (level 4, -2/29 HPs)
             Began as a Halfling Assassin on Oct 13, 2016.
             Was an Initiate of Okawaru.
             Killed from afar by Sigmund (7 damage)
             ... with a puff of flame
             ... on level 3 of the Dungeon.
             The game lasted 00:02:45 (1803 turns).

rgaf the Sneak (Halfling Assassin)                  Turns: 1803, Time: 00:02:45

Health: -2/29      AC:  4    Str: 12    XL:     4   Next: 87%
Magic:  4/4        EV: 14    Int: 10    God:    Okawaru [......]
Gold:   95         SH:  0    Dex: 15    Spells: 0 memorised, 3 levels left

rFire  . . .     SeeInvis .     b - +0 blowgun
rCold  . . .     Gourm    .     c - +0 robe
rNeg   . . .     Faith    .     (shield restricted)
rPois  .         Spirit   .     (no helmet)
rElec  .         Dismiss  .     d - +0 cloak
rCorr  .         Reflect  .     m - +0 pair of gloves
MR     .....     Harm     .     (no boots)
Stlth  +.........               (no amulet)
                                (no ring)
                                (no ring)

@: confused
A: mutation resistance 1
a: Renounce Religion


You were on level 3 of the Dungeon.
You worshipped Okawaru.
Okawaru was noncommittal.
You were not hungry.

You visited 1 branch of the dungeon, and saw 3 of its levels.

You collected 95 gold pieces.

Inventory:

Hand Weapons
 a - a +2 dagger
 b - a +0 blowgun (weapon)
Missiles
 e - 19 poisoned needles (quivered)
Armour
 c - a +0 robe (worn)
 d - a +0 cloak (worn)
 m - a +0 pair of gloves (worn)
Scrolls
 h - 2 scrolls of identify {unknown}
 l - a scroll of blinking {unknown}
 n - a scroll of noise {unknown}
 p - a scroll of amnesia {unknown}
Potions
 k - a potion of haste {unknown}
 o - a potion of berserk rage {unknown}
Comestibles
 g - 2 bread rations
 i - 4 chunks of flesh
 j - a slice of pizza


   Skills:
 - Level 1.7 Fighting
 + Level 3.7 Short Blades
 - Level 2.0 Throwing
 - Level 1.1 Dodging
 * Level 6.0 Stealth


You had 3 spell levels left.
You didn't know any spells.

Dungeon Overview and Level Annotations

Branches:
Dungeon (3/15)

Altars:
Dithmenos
Nemelex Xobeh
Okawaru

Annotations:
D:3 Sigmund; tb0li's ghost, weakling TeAE


Innate Abilities, Weirdness & Mutations

You are small and have problems with some larger weapons.
You are somewhat resistant to further mutation.


Message History

A hobgoblin comes into view. It is wielding a club.
The hobgoblin shouts!
Firing (i - inventory):
e - 20 poisoned needles (quivered)
Press: ? - help, Shift-Dir - straight line, f/p - Sigmund
Aim: Sigmund, wielding a scythe and wearing a robe (heavily wounded, slow, poisoned)
You shoot a poisoned needle. The poisoned needle hits Sigmund.
Sigmund looks even sicker.
Sigmund is heavily wounded.
Sigmund casts a spell at you.
You are confused.
Sigmund gestures at you while chanting. The magic dart hits you!
* * * LOW HITPOINT WARNING * * *
An orc comes into view. It is wielding a mace.
The hobgoblin closely misses you.
You barely miss the hobgoblin.
Sigmund is no longer moving slowly.
The hobgoblin misses you. Sigmund casts a spell at you.
The puff of flame hits you!
You die...

###(#######....(.#.......#.
#.(.....####.###.#.......#.
#.#(.......#....)####.####.
#.....(....#####...........
#...(...####...#...##.#.
#.....................##
#.###@.................. #
#.................#.
#..@..............#.
#..g................
#...........##.#..#.
#...........# .#.>#
#....o......# .# .#
#........... ######.....#
...#. ###


You could see Sigmund, an orc and a hobgoblin.

Vanquished Creatures
  2 adders (D:2)
  An ooze (D:3)
  2 worms
  4 dart slugs
  A leopard gecko (D:2)
  An orc (D:3)
  2 giant cockroaches
  7 hobgoblins
  4 kobolds
  9 bats
  3 frilled lizards
  10 goblins
  7 rats
53 creatures vanquished.

Notes
Turn   | Place    | Note
-------+----------+-------------------------------------------
     0 | D:1      | rgaf the Halfling Assassin began the quest for the Orb.
     0 | D:1      | Reached XP level 1. HP: 14/14 MP: 1/1
    93 | D:1      | Reached XP level 2. HP: 10/19 MP: 2/2
   252 | D:1      | Reached skill level 5 in Stealth
   489 | D:1      | Reached XP level 3. HP: 24/24 MP: 3/3
   712 | D:2      | Found a sparkling altar of Nemelex Xobeh.
   769 | D:2      | Found an iron altar of Okawaru.
   779 | D:2      | Became a worshipper of Warmaster Okawaru
  1084 | D:2      | Reached XP level 4. HP: 25/29 MP: 4/4
  1503 | D:3      | Reached skill level 6 in Stealth
  1692 | D:3      | Found a shadowy altar of Dithmenos.
  1750 | D:3      | Noticed tb0li's ghost (weakling TeAE)
  1776 | D:3      | Noticed Sigmund
  1803 | D:3      | Killed from afar by Sigmund

Vault maps used:
D:1:      lemuel_arrival_river_ford
D:2:      lemuel_round_altar, marbit_many_paths, first_bread
D:3:      lemuel_tele_altar, uniq_sigmund

Skill      XL: |  1  2  3  4 |
---------------+-------------+-----
Stealth        | 5 6 |  6.0
Short Blades   | 3 |  3.7
Fighting       | |  1.7
Throwing       | |  2.0
Dodging        | |  1.1

Action                   |  1- 3 |  4- 6 || total
-------------------------+-------+-------++-------
Melee: Dagger            |    89 |    43 ||   132
       Blowgun           |       |     1 ||     1
 Fire: Blowgun           |    15 |    18 ||    33
 Stab: Sleeping          |     9 |     8 ||    17
       Distracted        |     1 |       ||     1
  Eat: Chunk             |       |     3 ||     3
Armor: Robe              |    24 |     6 ||    30
Dodge: Dodged            |    59 |    30 ||    89
